AoeStats
← hkn4088

African Clearing

511102167Analyzed
2v2 RM · 16d ago on Oct 3, 2026· 44m 8s· 4 players
Game mode
Random Map
Map size
Medium (4 player)
Population
200
Speed
Normal
Resources
Standard
Victory
Conquest
Starting age
Dark Age
Ending age
Imperial Age
RankedLock teamsTeams togetherTeam positionsShared explorationLock speedFull tech treeHidden civsTurbo modeCheats
Victory
Defeat
🇹🇷 Vietnamese · Türkiye
1515
+16
🇹🇷 Magyars · Türkiye
1463
+17
vs
🇵🇪 Huns · Peru
1520
-17
🇦🇷 Burmese · Argentina
1497
-16
CapmaD
10:44 Loom
12:58 Feudal Age
14:06 Double-Bit Axe
17:08 Castle Age
16:16 Gold Mining
17:07 Fletching
18:19 Bow Saw
19:20 Bodkin Arrow
23:13 Bloodlines
25:39 Horse Collar
33:32 Imperial Age
37:25 Forging
37:41 Ballistics
39:43 Stone Mining
41:25 Padded Archer Armor
42:54 Two-Man Saw
42:28 Thumb Ring
43:20 Bracer
43:36 Leather Archer Armor
44:58 Wheelbarrow
hkn4088
3:56 Loom
13:00 Feudal Age
13:30 Double-Bit Axe
21:26 Castle Age
19:40 Horse Collar
22:39 Husbandry
23:32 Scale Barding Armor
23:38 Bloodlines
30:45 Gold Mining
32:11 Chain Barding Armor
33:46 Wheelbarrow
33:27 Town Watch
33:48 Stone Mining
35:41 Bow Saw
37:07 Gold Shaft Mining
37:46 Heavy Plow
38:15 Fletching
43:32 Imperial Age
43:35 Cavalier
ELCOCHINOTE
6:12 Loom
13:49 Feudal Age
17:54 Castle Age
23:17 Padded Archer Armor
23:13 Fletching
23:35 Padded Archer Armor
TVHG.El_Primo
13:08 Feudal Age
13:46 Loom
16:49 Castle Age
15:03 Double-Bit Axe
16:15 Fletching
23:51 Gold Mining
30:37 Bodkin Arrow
33:19 Bow Saw
38:52 Imperial Age
37:13 Padded Archer Armor
37:24 Thumb Ring
38:39 Husbandry
38:50 Bloodlines
39:28 Scale Barding Armor
39:33 Forging
39:57 Bracer
41:30 Chain Barding Armor
41:57 Iron Casting
Connection lost

Rejoining the realm…

Still unreachable

The connection could not be restored.

Session expired

The server has moved on; the page needs a fresh start.